AoeStats
← Loodsy

Arena

506447675Analyzed
1v1 RM · 20d ago on Sep 13, 2026· 50m 30s· 2 players
Game mode
Random Map
Map size
Tiny (2 player)
Population
200
Speed
Normal
Resources
Standard
Victory
Conquest
Starting age
Dark Age
Ending age
Imperial Age
RankedLock teamsTeams togetherTeam positionsShared explorationLock speedFull tech treeHidden civsTurbo modeCheats
Victory
Defeat
🇨🇱 Tupi · Chile
570
+14
🇨🇱 Byzantines · Chile
528
-15
Loodsy
2:03 Loom
14:10 Feudal Age
14:48 Horse Collar
14:56 Double-Bit Axe
16:14 Wheelbarrow
17:46 Gold Mining
17:47 Stone Mining
18:34 Scale Barding Armor
20:14 Forging
19:59 Arson
22:46 Scale Mail Armor
23:27 Fletching
28:18 Castle Age
29:20 Elite Skirmisher
30:26 Husbandry
29:47 Light Cavalry
31:13 Pikeman
31:53 Squires
32:37 Hand Cart
35:47 Thumb Ring
46:57 Iron Casting
51:27 Imperial Age
homeyork
10:21 Feudal Age
10:53 Double-Bit Axe
13:36 Loom
13:37 Horse Collar
17:47 Wheelbarrow
17:07 Gold Mining
20:50 Castle Age
19:34 Forging
20:37 Scale Mail Armor
22:03 Squires
21:24 Champi Runner
23:04 Heavy Plow
23:15 Bow Saw
22:46 Crossbowman
23:56 Padded Archer Armor
25:45 Stone Mining
26:52 Pikeman
26:54 Champi Warrior
28:35 Hand Cart
29:03 Town Watch
30:54 Gold Shaft Mining
33:44 Town Patrol
35:30 Ballistics
37:29 Treadmill Crane
42:00 Murder Holes
45:20 Imperial Age
46:27 Conscription
46:27 Caciques
46:05 Capped Ram
48:04 Two-Man Saw
48:03 Elite Champi Warrior
48:04 Halberdier
50:32 Iron Casting
Connection lost

Rejoining the realm…

Still unreachable

The connection could not be restored.

Session expired

The server has moved on; the page needs a fresh start.